Cogmind - Beta 13 @@@ ROGUE MODE // 2024.04.16 @ 04:02:09 Player: A Moose Result: Destroyed by G-34 Mercenary with Small Laser Performance ------------- Evolutions (0) 0 Regions Visited (2) 400 Robots Destroyed (23) 115 Value Destroyed (642) 642 Prototype IDs (0) 0 Alien Tech Used (0) 0 Bonus (0) 0 TOTAL SCORE: 1157 Bonus ------- None Cogmind --------- Core Integrity 0/250 Matter 290/300 Energy 120/160 System Corruption 0% Temperature Hot (227) Movement Rolling (80) Location -10/Mines Parts ------- > --- POWER (1) -------- Light Nuclear Core > --- PROPULSION (2) --- Wheel Wheel > --- UTILITY (2) ------ Sensor Array > --- WEAPON (2) ------- Light Assault Rifle Mining Laser > --- INVENTORY (5) ---- Light Ion Engine Medium Matter Pod (100) Large Matter Pod (143) Particle Gun Rocket Launcher Peak State ------------ > --- POWER ------------ Light Nuclear Core > --- PROPULSION ------- Wheel Wheel > --- UTILITY ---------- Sensor Array Light Armor Plating > --- WEAPON ----------- Light Assault Rifle Rocket Launcher > --- INVENTORY -------- Light Ion Engine Medium Matter Pod Medium Matter Pod Large Matter Pod Sensor Array [Rating: 10] Favorites ----------- Power Light Nuclear Core Engine Ion Engine Power Core Light Nuclear Core Propulsion Wheel Wheel Wheel Utility Sensor Array Device Sensor Array Storage Small Storage Unit Protection Light Armor Plating Weapon Light Assault Rifle Energy Gun Particle Gun Ballistic Gun Light Assault Rifle Launcher Rocket Launcher Special Weapon Mining Laser Build | -11 -10 -10 ------- Run | Yrd Mat Min Slots Evolved . | . . . Power . | . . . Propulsion . | . . . Utility . | . . . Weapon . | . . . Parts Attached 26 | 6 13 7 Power 3 | 1 1 1 Engine 2 | 1 1 . Core 1 | . . 1 Reactor . | . . . Propulsion 7 | 2 2 3 Treads . | . . . Leg . | . . . Wheel 7 | 2 2 3 Hover . | . . . Flight . | . . . Utility 4 | 1 3 . Device 1 | . 1 . Storage 1 | 1 . . Processor . | . . . Hackware . | . . . Protection 2 | . 2 . Artifact . | . . . Weapon 12 | 2 7 3 Energy Gun 1 | . . 1 Energy Cannon . | . . . Ballistic Gun 5 | 2 3 . Ballistic Cannon . | . . . Launcher 5 | . 4 1 Special Weapon 1 | . . 1 Impact Weapon . | . . . Slashing Weapon . | . . . Piercing Weapon . | . . . Special Melee Weapon . | . . . Unidentified Prototypes . | . . . Parts Lost 6 | . 5 1 Power . | . . . Propulsion 2 | . 2 . Utility 1 | . . 1 Weapon 3 | . 3 . Highest Loss Streak 4 | . 4 1 To Critical Strikes . | . . . Average Slot Usage (%) 87 | . 71 95 Engine 5 | . 11 2 Core 7 | . . 11 Wheel 25 | . 22 27 Device 11 | . 5 14 Storage 1 | . 5 . Protection 10 | . 4 13 Energy Gun 5 | . . 8 Ballistic Gun 15 | . 17 14 Launcher 1 | . 2 1 Naked Turns 3 | . 3 . Heaviest Build 14 | 12 14 14 Greatest Support 32 | 32 32 20 Greatest Overweight (x) . | . . . Average Overweight (x) . | . . . Largest Inventory Capacity 8 | 8 8 5 Average Capacity 5 | 6 6 5 Most Carried 5 | 3 5 5 Average Carried 4 | . 2 4 Final Capacity 8 | 8 5 5 Final Carried 5 | 1 5 5 Class Distribution -------------------- 53% | Scavenger-Mutant 46% | Mutant Dominant Class ---------------- Mutant | -10/Materials Scavenger-Mutant | -10/Mines Resources | -11 -10 -10 ----------- Run | Yrd Mat Min Matter Collected 959 | 219 326 414 Remotely . | . . . Salvage Created 580 | . 322 258 Parts 38 | . 23 15 Haulers Intercepted . | . . . Recyclers Shooed 1 | . . 1 Parts Field Recycled . | . . . Retrieved Matter . | . . . Parts Self-Destructed . | . . . Prevented . | . . . Kills | -11 -10 -10 ------- Run | Yrd Mat Min Combat Hostiles Destroyed 19 | . 12 7 Guns 10 | . 3 7 AOE 9 | . 9 . Classes Destroyed 4 | . 4 . Worker 3 | . 3 . Operator 1 | . 1 . Swarmer 3 | . 3 . Grunt 16 | . 9 7 Best Kill Streak 8 | . 8 2 Combat Bots Only 5 | . 5 2 Max Kills in Single Turn 3 | . 3 1 Gunslinging . | . . . Exploded 3 | . 3 . Melee . | . . . Uniques/NPCs Destroyed . | . . . Combat | -11 -10 -10 -------- Run | Yrd Mat Min Hostile Shots Fired 99 | . 61 38 Missed 25 | . 14 11 Damage Taken 867 | . 525 342 Core 253 | . 146 107 Absorbed by Shields . | . . . Core Remaining (%) 100 | 100 . . Volleys Fired 109 | . 45 64 Largest 2 | . 2 2 Hottest 100 | . 50 100 Shots Fired 137 | . 63 74 Gun 126 | . 55 71 Cannon . | . . . Launcher 8 | . 8 . Special 3 | . . 3 Kinetic 116 | . 55 61 Thermal 13 | . . 13 Explosive 8 | . 8 . Electromagnetic . | . . . Robot Hit Streak 12 | . 4 12 Robot Miss Streak 5 | . 5 5 Penetration Max . | . . . Secondary Targets 1 | . 1 . Max Gunslinging Chain 1 | . 1 . Shots Hit Robots 78 | . 31 47 Core Hits 50 | . 29 21 Critical Kills . | . . . Critical Parts Destroyed 1 | . . 1 Critical Strikes 1 | . . 1 Destroy 1 | . . 1 Melee Attacks . | . . . Impact . | . . . Slashing . | . . . Piercing . | . . . Sneak Attacks . | . . . Combat Hostiles . | . . . Follow-up Attacks . | . . . Damage Inflicted 1319 | . 895 424 Guns 652 | . 228 424 Cannons . | . . . Explosions 667 | . 667 . Melee . | . . . Ramming . | . . . Kinetic 547 | . 228 319 Thermal 105 | . . 105 Explosive 667 | . 667 . Electromagnetic . | . . . Impact . | . . . Slashing . | . . . Piercing . | . . . Highest Corruption . | . . . Average Corruption . | . . . Corruption Purged . | . . . Corruption Blocked . | . . . Overload Shots . | . . . Overflow Damage . | . . . Projectiles . | . . . Explosions . | . . . Melee . | . . . Knockbacks . | . . . Impact . | . . . Kinetic . | . . . Secondary . | . . . Self-Inflicted Damage 43 | . 43 . Shots 4 | . 4 . Rammed . | . . . Targets Rammed . | . . . Kicked . | . . . Crushed . | . . . Highest Temperature 366 | . 36 366 Average Temperature 72 | . 11 94 Received Heat Transfer 351 | . 159 192 Effects 1 | . . 1 Energy Bleed 1 | . . 1 Siege Activations . | . . . Robots Corrupted . | . . . Combat Hostiles . | . . . Parts Fried . | . . . Impact Corruptions . | . . . Robots Melted . | . . . Combat Hostiles . | . . . Parts Melted . | . . . Heat Transferred 259 | . . 259 Parts Sabotaged . | . . . Parts Stolen . | . . . Parts Stripped . | . . . Power Chain Reactions . | . . . Alert | -11 -10 -10 ------- Run | Yrd Mat Min Peak Influence 374 | . 374 189 Initial 67 | . . 67 Average 102 | . 226 50 Maximum Alert Level 1 | . 1 . Low Security (%) 81 | 100 38 100 Level 1 18 | . 61 . Level 2 . | . . . Level 3 . | . . . Level 4 . | . . . Level 5 . | . . . High Security . | . . . Max Security . | . . . Squads Dispatched 2 | . 2 . Investigation 1 | . 1 . Extermination . | . . . Reinforcement 1 | . 1 . Assault . | . . . Garrison . | . . . Intercept . | . . . Searches Triggered . | . . . Construction Impeded . | . . . Haulers Reinforced . | . . . Active Scanning Responses . | . . . Cargo Convoy Interrupts . | . . . Stealth | -11 -10 -10 --------- Run | Yrd Mat Min Distress Signals 1 | . 1 . Communications Jammed . | . . . Distress Signals . | . . . Times Spotted 27 | . 18 9 Peak Tracking Total 6 | . 6 2 Tactical Retreats 1 | . . 1 Traps | -11 -10 -10 ------- Run | Yrd Mat Min Traps Triggered . | . . . Indirectly . | . . . Trap Hack Attempts . | . . . Triggered . | . . . Disarmed . | . . . Reprogrammed . | . . . Reused . | . . . Traps Extracted . | . . . Installed . | . . . Triggered . | . . . Machines | -11 -10 -10 ---------- Run | Yrd Mat Min Machines Disabled 1 | . 1 . Max in Single Turn 1 | . 1 . Machines Repaired . | . . . Machines Dismantled . | . . . Machines Sabotaged . | . . . Overloaded Fab Kills . | . . . Hacking | -11 -10 -10 --------- Run | Yrd Mat Min Machines Accessed 2 | . 1 1 Terminals 2 | . 1 1 Fabricators . | . . . Repair Stations . | . . . Recycling Units . | . . . Scanalyzers . | . . . Garrison Access . | . . . Total Hacks 7 | . 4 3 Successful 3 | . 1 2 Failed 4 | . 3 1 Catastrophic . | . . . Database Lockouts . | . . . Manual 1 | . . 1 Terminals 7 | . 4 3 Fabricators . | . . . Repair Stations . | . . . Recycling Units . | . . . Scanalyzers . | . . . Garrison Access . | . . . Terminal Hacks 3 | . 1 2 Record 1 | . . 1 Branch Access Points 1 | . 1 . Zone Layout 1 | . . 1 Fabricator Hacks . | . . . Repair Station Hacks . | . . . Recycling Unit Hacks . | . . . Scanalyzer . | . . . Garrison Access Hacks . | . . . Unauthorized Hacks . | . . . Terminals . | . . . Fabricators . | . . . Repair Stations . | . . . Recycling Units . | . . . Scanalyzers . | . . . Garrison Access . | . . . Data Cores Recovered . | . . . Used . | . . . Hacking Detections 1 | . 1 . Full Trace Events 1 | . 1 . Feedback Events . | . . . Feedback Blocked . | . . . Robot Schematics Acquired . | . . . Robots Built . | . . . Authchips . | . . . Time . | . . . Total Robot Build Rating . | . . . Part Schematics Acquired . | . . . Parts Built . | . . . Authchips . | . . . Time . | . . . Total Part Build Rating . | . . . Parts Repaired . | . . . Time . | . . . Parts Recycled . | . . . Recycled Matter . | . . . Retrieved Matter . | . . . Retrieved Components . | . . . Parts Scanalyzed . | . . . Part Schematics Acquired . | . . . Parts Damaged . | . . . Bothacking | -11 -10 -10 ------------ Run | Yrd Mat Min Used RIF Installer . | . . . Robots Hacked . | . . . Non-combat . | . . . Combat . | . . . Robot Hacks Applied . | . . . Relay Couplers Released . | . . . Fabnet Peak Effective % . | . . . Robots Rewired . | . . . Allies Hacked . | . . . Hacks Repelled . | . . . Allies | -11 -10 -10 -------- Run | Yrd Mat Min Total Allies . | . . . Largest Group . | . . . Highest-Rated Group . | . . . Highest-Rated Ally . | . . . Total Orders . | . . . Ally Attacks . | . . . Total Damage . | . . . Kills . | . . . Allies Corrupted . | . . . Allies Melted . | . . . Intel | -11 -10 -10 ------- Run | Yrd Mat Min Robot Analysis Total . | . . . Derelict Logs Recovered 1 | . . 1 Drone Launches . | . . . Drone Recoveries . | . . . Exploration | -11 -10 -10 ------------- Run | Yrd Mat Min Turns Passed 1462 | 57 443 962 Spaces Moved 784 | 46 382 356 Core 89 | 3 86 . Treads . | . . . Legs . | . . . Wheels 695 | 43 296 356 Hover . | . . . Flight . | . . . Fastest Speed 50 | 50 50 80 Average Speed 80 | 96 79 80 Slowest Speed 100 | 100 100 80 Overloaded Moves . | . . . Propulsion Burnouts . | . . . Robots Hopped . | . . . Cave-ins Triggered . | . . . Exploration Rate (%) 40 | 3 53 65 Regions Visited 2 Branch Regions 1 Pre-discovered Areas 1 | . . 1 Known Exits Taken 1 | . 1 . Unknown Exits Taken 1 | 1 . . Scrap Searched 3 | . . 3 Spaces Dug . | . . . Terrain Destroyed 50 | . 48 2 Melee . | . . . Projectile 2 | . . 2 AOE 48 | . 48 . Terrain Rammed . | . . . Walls Destroyed . | . . . Machines Disabled . | . . . Actions | -11 -10 -10 --------- Run | Yrd Mat Min Total 1496 | 58 468 970 Wait 547 | . 14 533 Move 782 | 45 381 356 Hop . | . . . Pick Up 21 | 7 11 3 Fast Attach 2 | . . 2 Attach 14 | 6 8 . Detach 1 | . 1 . Swap 10 | . 5 5 Drop 10 | . 3 7 Fire 109 | . 45 64 Melee . | . . . Ram . | . . . Kick . | . . . Crush . | . . . Escape Stasis . | . . . Rewire . | . . . Trap . | . . . Miscellaneous . | . . . Route ------- -11/Scrapyard -10/Materials (discovered 4 exits: [*Mat x2] / *Min x2) -10/Mines (discovered 1 exit: [*Mat]) History --------- Turn | Location | Event 18 | -11/Scrapyard | Discovered new exit (range 15) 58 | -11/Scrapyard | Entered Materials 136 | -10/Materials | Discovered new exit (range 10) 137 | -10/Materials | Identified exit to Mines 273 | -10/Materials | Lost 4 parts (2n2w) 312 | -10/Materials | Build established: Mutant 351 | -10/Materials | Core integrity fell below 50% 456 | -10/Materials | Discovered new exit (range 15) 501 | -10/Materials | Entered Mines 638 | -10/Mines | Discovered new exit (range 8) 759 | -10/Mines | Received a Rocket Launcher from a helpful Derelict 873 | -10/Mines | Core integrity fell below 20% 906 | -10/Mines | Learned location of Storage (-7) 923 | -10/Mines | Excavation squad dispatched 923 | -10/Mines | A large section of the Mines collapsed 974 | -10/Mines | Build established: Scavenger-Mutant 1173 | -10/Mines | Excavation squad dispatched 1463 | -10/Mines | Destroyed by G-34 Mercenary with Small Laser Last Messages --------------- G-34 Mercenary destroyed. U-05 Engineer lays Concrete. Acquired 30 matter. U-05 Engineer lays Concrete. T-07 Excavator is excavating. U-05 Engineer lays Concrete. Dropped Wheel. U-05 Engineer lays Concrete. Lgt. Armor Plating destroyed. Dropped Wheel. T-07 Excavator is excavating. Overheating: Energy bleed (-28). U-05 Engineer lays Concrete. Extracted 100 matter. T-07 Excavator is excavating. U-05 Engineer lays Concrete. T-07 Excavator is excavating. U-05 Engineer lays Concrete. T-07 Excavator is excavating. [Achievement: Back For More] Map ----- +----------------------------------------------------+ | ???#####??# ???????????????# ####### | | ??????????# #?????####?????##**##????? | | ??????????# ##???## ##????# ##???? | | ??????????# #??## ##??## #???? | | ??????????# ##?# #### #???? | | ??????????# #?# ##???? | | ??????????# #?# ####????? | | ??????????## ##?## ##???????? | | ???????????## #??## ##??####??? | | ????????????# #?## #?### #### | | ????????????# ### ### # | | ????????????# ## | | ????????????## | | ?????????????##### | | ?????????????????## | | ??????????????????# #### | | ??????????????????# ##??## ## | | ?????????????####?# #????## #### | | ????????????? ### #?????## ##??## | | ?????????????# ## #??????### #????? | | ?????????????# ## #????????## ##????? | | ?????????????# ### ##?????????# #?????? | | ?????????????# #?####??????????# #?????? | | ?????????????# ###?###??????????# #?????? | | ?????????????# #;#?# ?????????? #?????? | | ???????????#####@#?# #??????????###?????? | | ??????????##?= ##?# #??????????????????? | | ?????????## tg###?# #??????????????????? | | ?????????# ;=?!#?# #??????????????????? | | ????????## ! =###%########???????##### | | ????????# * = =*%?= ? ! #??????## # | | ????????#; | "=%=*= ######## | | ????????### " ############ * = | | ????????# #####??????????# =!! ! | | ????????## #????????????########### ### | | ?????????###???????????????????????####?? | | ????????????????????????????????????????? | | ????????????????????????????????????????? | | | | | | | | | | | | | | | | | | | | | | | | | +----------------------------------------------------+ Best States ------------- Heat Dissipation 25 Energy Generation 14 Energy Capacity 250 Matter Stores 300 Matter Capacity 300 Sight Range 16 Robot Scan Range 14 Terrain Scan Density 10 Armor Coverage 150 Evasion (%) 50 Item Schematics ----------------- None Robot Schematics ------------------ None Fabricated ------------ Nothing Alien Tech Used ----------------- None Achievements -------------- Back For More Challenges ------------ None Game ------ Seed TeslaShieldLauncher Manual? 0 Play Time 00:15:30 Cumulative 46.1 hours Start 2024.04.16 @ 03:48:01 End 2024.04.16 @ 04:02:09 Sessions 1 Manual Loads 0 Difficulty Rogue Special Mode None Game No. 50 Rogue 41 Adventurer 9 Explorer 0 Win Type - Total 0 Types 0/0/0/0/0/0/0/0/0 Lore% 31 Gallery% 45 Achievement% 36 Wizard Run 0 Options --------- Layout 1 ASCII 0 Keyboard 0 Movement Mouse Keybinds 0 Fullscreen 1 Font 24/Smallcaps Map View 50x35 Zoom Use 0% Tactical HUD 0 Map Filters NONE Filters NONE Steam 1 RUN: 3b7d0353-4063-4a04-b9ed-e450e09eed30